 Dungeon Crawl Stone Soup version 0.16-a0-3946-g4f19e5c (webtiles) character file.

8862 abixa the Fiendish (level 11, -7/94 HPs)
             Began as a Hill Orc Fighter on Feb 9, 2015.
             Was a Priest of Makhleb.
             Mangled by a large abomination (33 damage)
             ... on level 9 of the Dungeon.
             The game lasted 00:32:51 (8912 turns).

abixa the Fiendish (Hill Orc Fighter)               Turns: 8912, Time: 00:32:51

Health: -7/94      AC: 15    Str: 20    XL:     11   Next: 37%
Magic:  28/28      EV:  7    Int:  8    God:    Makhleb [***...]
Gold:   467        SH:  0    Dex: 13    Spells: 0 memorised, 10 levels left

rFire  . . .     SeeInvis .     a - +0 war axe
rCold  . . .     Clarity  .     M - +0 chain mail
rNeg   . . .     SustAb   .     (no shield)
rPois  +         Gourm    .     r - +0 helmet
rElec  .         Spirit   .     t - +0 cloak
rCorr  .         Warding  .     T - +0 pair of gloves (curse)
rMut   .         Stasis   .     u - +0 pair of boots
MR     .....                    (no amulet)
Stlth  ..........               G - ring of poison resistance
                                (no ring)

@: not resistant to hostile enchantments, extremely unstealthy
A: no striking features
a: Minor Destruction, Lesser Servant of Makhleb, Renounce Religion


You were on level 9 of the Dungeon.
You worshipped Makhleb.
Makhleb was most pleased with you.
You were very hungry.

You visited 2 branches of the dungeon, and saw 10 of its levels.

You collected 467 gold pieces.

Inventory:

Hand weapons
 a - a +0 war axe (weapon)
 F - a +0 blowgun
Missiles
 m - 39 poisoned needles
 w - 7 needles of slowing
 K - 4 tomahawks (quivered)
 P - 4 steel tomahawks
Armour
 c - a +2 robe of cold resistance
 f - the +2 robe of Kleptomania {Str+2 SInv}
   (You found it on level 9 of the Dungeon)

   It affects your strength (+2).
   It enhances your eyesight.
 r - a +0 helmet (worn)
 s - a +1 leather armour of cold resistance
 t - a +0 cloak (worn)
 u - a +0 pair of boots (worn)
 M - a +0 chain mail (worn)
 Q - a +0 ring mail of cold resistance
 T - a cursed +0 pair of gloves (worn)
Jewellery
 E - an uncursed ring of sustain abilities
 G - a ring of poison resistance (right hand)
 V - an uncursed ring of teleportation
Magical devices
 z - a wand of paralysis (18)
 W - a wand of draining (6)
 X - a wand of slowing (23)
 Z - a wand of confusion (0)
Scrolls
 h - a scroll of identify
 i - 2 scrolls of enchant armour {unknown}
 j - 4 scrolls of enchant weapon {unknown}
 n - a scroll of noise {unknown}
 x - a scroll of recharging
 y - 2 scrolls of magic mapping {unknown}
 A - a scroll of fear {unknown}
 C - a scroll of fog {unknown}
 H - 4 scrolls of remove curse
 J - a scroll of immolation {unknown}
 L - 2 scrolls of random uselessness {unknown}
 N - a scroll of teleportation
 O - 2 scrolls of blinking {unknown}
Potions
 b - a potion of haste {unknown}
 e - a potion of might
 g - a potion of cancellation
 p - a potion of invisibility
 v - a potion of magic
 B - 4 potions of curing
 S - a potion of restore abilities
Books
 I - a book of Cantrips

   Spells                             Type                      Level
   a - Corona                         Hexes                        1
   b - Animate Skeleton               Necromancy                   1
   c - Summon Small Mammal            Summoning                    1
   d - Apportation                    Translocation                1
 U - a book of Death

   Spells                             Type                      Level
   a - Corpse Rot                     Necromancy                   2
   b - Sublimation of Blood           Necromancy                   2
   c - Agony                          Necromancy                   5
   d - Dispel Undead                  Necromancy                   5
   e - Excruciating Wounds            Charms/Necromancy            5
   f - Bolt of Draining               Conjuration/Necromancy       5
Comestibles
 d - 5 meat rations
 l - 9 bread rations
 o - 8 slices of pizza
 q - a royal jelly
 R - 2 beef jerkies
 Y - 5 fruits


   Skills:
 + Level 8.2 Fighting
 + Level 13.7 Axes
 + Level 7.2 Armour
   Level 3.2 Shields
 + Level 14.5 Invocations


You had 10 spell levels left.
You didn't know any spells.

Dungeon Overview and Level Annotations

Branches:
Dungeon (9/15)             Temple (1/1) D:5            Lair (0/8) D:8
    Orc: D:9-12

Altars:
Ashenzari
Cheibriados
Elyvilon
Fedhas
Gozag
Kikubaaqudgha
Makhleb
Nemelex Xobeh
Okawaru
Qazlal
Ru
Sif Muna
Trog
Vehumet
Xom
Yredelemnul
Zin
The Shining One


Message History

Makhleb accepts your kill.
Your neqoxec hits the large abomination but does no damage.
You closely miss the large abomination.
Your shadow imp hits the large abomination but does no damage.
The large abomination hits you!!
Your neqoxec hits the large abomination!
Your shadow imp hits the large abomination but does no damage.
Your neqoxec hits the large abomination.
The small abomination moves out of view.
Your shadow imp hits the large abomination but does no damage.
Use which ability? (? or * to list)
A demon appears!
You are feeling very hungry.
You can no longer hurl Makhleb's greater destruction.
Your neqoxec hits the large abomination.
The small abomination hits your neqoxec!
Your neqoxec hits the large abomination but does no damage.
The small abomination barely misses your neqoxec.
The large abomination hits you!!
You die...

########+## #.........#
#### #.........# #
#####'##### # ##
########## # #.
#....#X..# #####.###
#.3..xxX.### ###
#.......#####.5x.#.X.#.#
#.. #..........##.X3.#
x!#.### #..
#......5##..#@...#
##...####..
#......5###.'....#
#5#..3.#3. #.....3.#
#.#....# #3####.#5.
#.......# #.#....# #.#
#.'.. #.....5.#
############5# ###..
#####.### #....3.3..#
##+ #.3## ####3######
##5.## #.# ##..##
#.######


You could see 2 large abominations, 3 small abominations, a friendly smoke
demon, a friendly neqoxec and a friendly shadow imp.

Vanquished Creatures
  Psyche (D:9)
  A two-headed ogre (D:8)
  A yak (D:8)
  Eustachio (D:5)
  A hog (D:8)
  A small abomination (D:9)
  A hungry ghost (D:7)
  3 humans
  Edmund (D:8)
  An ice beast (D:6)
  6 ogres
  A sky beast (D:7)
  A black bear (D:9)
  A necrophage (D:6)
  3 centaurs
  Duvessa (D:8)
  A wyvern zombie (D:8)
  A big kobold (D:7)
  5 giant frogs
  A wyvern skeleton (D:7)
  A water moccasin skeleton (D:8)
  6 scorpions
  Dowan (D:8)
  7 crimson imps
  A goliath beetle (D:6)
  7 hounds
  2 iguanas (D:6)
  3 giant frog skeletons
  A quasit (D:6)
  5 orc wizards
  5 worker ants
  Natasha (D:4)
  An orc priest (D:5)
  2 sheep (D:8)
  A killer bee zombie (D:5)
  A hound zombie (D:8)
  A mummy (D:6)
  A worker ant zombie (D:5)
  3 gnolls (D:4)
  11 adders
  A giant mite (D:5)
  A river rat (D:5)
  3 shadow imps
  6 worms
  2 white imps
  31 orcs
  17 bats
  8 giant cockroaches
  9 goblins
  21 hobgoblins
  4 quokkas
  A ball python (D:8)
  4 giant geckos
  4 giant newts
  A giant spore (D:9)
  15 jackals
  23 kobolds
  18 rats
  3 ballistomycetes
266 creatures vanquished.

Vanquished Creatures (collateral kills)
  A hippogriff (D:9)
  A hungry ghost (D:9)
  A small abomination (D:9)
  A scorpion (D:9)
  An adder (D:9)
5 creatures vanquished.

Vanquished Creatures (others)
  A wizard (D:9)
  A neqoxec (D:9)
  A hobgoblin (D:9)
  A giant spore (D:6)
4 creatures vanquished.

Grand Total: 275 creatures vanquished

Notes
Turn   | Place    | Note
--------------------------------------------------------------
     0 | D:1      | abixa, the Hill Orc Fighter, began the quest for the Orb.
     0 | D:1      | Reached XP level 1. HP: 19/19 MP: 1/1
   155 | D:1      | Reached XP level 2. HP: 16/26 MP: 2/2
   511 | D:1      | Reached skill level 4 in Axes
   751 | D:1      | Reached XP level 3. HP: 25/31 MP: 3/3
   824 | D:2      | Reached skill level 5 in Axes
  1270 | D:2      | Found a sacrificial altar of Ru.
  1278 | D:2      | Reached XP level 4. HP: 27/39 MP: 4/4
  1292 | D:2      | Reached skill level 6 in Axes
  1607 | D:2      | Found a deep blue altar of Sif Muna.
  1803 | D:3      | Reached XP level 5. HP: 35/45 MP: 5/5
  1859 | D:3      | Found a stormy altar of Qazlal.
  2072 | D:3      | Reached skill level 7 in Axes
  2541 | D:4      | Reached skill level 8 in Axes
  2541 | D:4      | Reached XP level 6. HP: 51/51 MP: 6/6
  2582 | D:4      | Noticed Natasha
  2592 | D:4      | Killed Natasha
  2773 | D:4      | Noticed an ogre
  2783 | D:4      | Killed an ogre
  2783 | D:4      | Reached skill level 9 in Axes
  2783 | D:4      | Reached XP level 7. HP: 50/57 MP: 7/7
  2859 | D:4      | Noticed an ogre
  2867 | D:4      | Killed an ogre
  2867 | D:4      | Reached skill level 10 in Axes
  3283 | D:4      | Noticed an ogre
  3290 | D:4      | Killed an ogre
  3632 | D:4      | Reached skill level 11 in Axes
  3663 | D:4      | Noticed an ogre
  3673 | D:4      | Killed an ogre
  3839 | D:5      | Entered Level 5 of the Dungeon
  3873 | D:5      | Reached XP level 8. HP: 56/64 MP: 8/8
  4073 | D:5      | Found a white marble altar of Elyvilon.
  4255 | D:5      | Found an iron altar of Okawaru.
  4300 | D:5      | Noticed Eustachio
  4345 | D:5      | Killed Eustachio
  4345 | D:5      | Reached skill level 12 in Axes
  4406 | D:5      | Found a staircase to the Ecumenical Temple.
  4412 | Temple   | Entered the Ecumenical Temple
  4522 | Temple   | Became a worshipper of Makhleb the Destroyer
  4684 | D:5      | Reached skill level 5 in Fighting
  4696 | D:5      | Found a shimmering altar of Xom.
  4908 | D:5      | Found a glowing silver altar of Zin.
  5104 | D:6      | Reached skill level 5 in Armour
  5129 | D:6      | Found a basalt altar of Yredelemnul.
  5289 | D:6      | Reached XP level 9. HP: 75/75 MP: 9/9
  5583 | D:6      | Acquired Makhleb's first power
  5748 | D:6      | Found a glowing silver altar of Zin.
  5839 | D:6      | Found a blossoming altar of Fedhas.
  6380 | D:6      | Reached skill level 13 in Axes
  6513 | D:7      | Acquired Makhleb's second power
  6991 | D:7      | Found an iron altar of Okawaru.
  7132 | D:7      | Reached skill level 5 in Invocations
  7359 | D:8      | Reached skill level 14 in Invocations
  7359 | D:8      | Reached XP level 10. HP: 82/85 MP: 18/26
  7515 | D:8      | Found a staircase to the Lair.
  7525 | D:8      | Noticed Duvessa
  7526 | D:8      | Noticed Dowan
  7546 | D:8      | Killed Duvessa
  7593 | D:8      | Killed Dowan
  7777 | D:8      | Acquired Makhleb's third power
  7824 | D:8      | Reached XP level 11. HP: 82/91 MP: 28/28
  7910 | D:8      | Noticed Edmund
  7928 | D:8      | Killed Edmund
  8605 | D:9      | Got a bloodstained robe
  8688 | D:9      | Identified the +2 robe of Kleptomania {Str+2 SInv} (You found it on level 9 of the Dungeon)
  8730 | D:9      | Noticed Psyche
  8742 | D:9      | Killed Psyche
  8791 | D:9      | Acquired Makhleb's fourth power
  8878 | D:9      | Noticed a wizard
  8886 | D:9      | Killed a wizard
  8912 | D:9      | Mangled by a large abomination

Action                   |  1- 3 |  4- 6 |  7- 9 | 10-12 || total
-------------------------+-------+-------+-------+-------++-------
Melee: War axe           |   110 |   162 |   486 |   242 ||  1000
 Fire: Hunting sling     |       |    36 |    19 |       ||    55
       Blowgun           |       |       |    16 |     6 ||    22
Throw: Stone             |     3 |       |     1 |     3 ||     7
Invok: Lesser Servant of |       |       |       |     3 ||     3
  Use: Scroll            |       |       |     6 |     6 ||    12
       Potion            |       |       |     2 |       ||     2
 Stab: Paralysed         |       |     1 |       |       ||     1
       Distracted        |       |       |       |     1 ||     1
  Eat: Chunk             |     1 |     5 |    16 |     4 ||    26
